 Dungeon Crawl Stone Soup version 0.31-a0-810-ga77100ea1a (webtiles) character file.

Game seed: 16817540021868525350

135 Newt the Trooper (level 4, 0/55 HPs)
             Began as a Demonspawn Gladiator on Sept 21, 2023.
             Slain by an orc
             ... wielding a +0 hand axe
              (1 damage)
             ... on level 4 of the Dungeon.
             The game lasted 00:02:32 (2373 turns).

Newt the Trooper (Demonspawn Gladiator)             Turns: 2373, Time: 00:02:32

Health: 0/55       AC:  4    Str: 16    XL:     4   Next: 96%
Magic:  4/4        EV: 12    Int: 10    God:
Gold:   137        SH:  0    Dex: 18    Spells: 3/3 levels left

rFire   . . .        m - +5 dagger "Tanwirhiy" {heavy, rElec Dex+2}
rCold   . . .        (no shield)
rNeg    . . .        b - +0 leather armour
rPois   .            c - +0 helmet
rElec   +            (no cloak)
rCorr   .            (no gloves)
SInv    .            (no boots)
Will    .....        g - amulet of Ynategh {Reflect SH+5 Stlth+} Stlth
                     (no ring)
HPRegen 0.29/turn    (no ring)
MPRegen 0.09/turn

%: reflection
@: confused, berserking, very quick
A: thin skeletal structure 1, spiny 1, demonic touch 1
a: no special abilities


You were on level 4 of the Dungeon.
You visited 1 branch of the dungeon, and saw 4 of its levels.

You collected 137 gold pieces.

Inventory:

Hand Weapons
 a - a +0 rapier
 f - a +0 mace
 m - the +5 dagger "Tanwirhiy" (weapon) {heavy, rElec Dex+2}
   (You found it on level 2 of the Dungeon)

   Dex+2:     It affects your dexterity (+2).
   rElec:     It insulates you from electricity.
Missiles
 d - 4 throwing nets (quivered)
 e - a javelin
Armour
 b - a +0 leather armour (worn)
 c - a +0 helmet (worn)
Jewellery
 g - the amulet of Ynategh (around neck) {Reflect SH+5 Stlth+}
   (You acquired it on level 2 of the Dungeon)

   [amulet of reflection]

   Reflect:   It reflects blocked missile attacks.
   SH+5:      It affects your SH (+5).
   Stlth+:    It makes you more stealthy.
Wands
 q - a wand of acid (6)
 u - a wand of flame (24)
Scrolls
 i - a scroll of vulnerability {unknown}
 o - a scroll of silence {unknown}
 p - a scroll of revelation {unknown}
 r - a scroll of fog {unknown}
 s - a scroll of immolation {unknown}
 t - a scroll of identify {unknown}
Potions
 h - a potion of berserk rage
 j - a potion of might {unknown}
 k - 2 potions of heal wounds {unknown}
 l - a potion of curing {unknown}
 n - a potion of lignification {unknown}


   Skills:
 - Level 4.0 Fighting
 - Level 2.6 Short Blades
 - Level 1.7 Throwing
 - Level 2.6 Dodging
 + Level 3.1 Stealth


You had 3 spell levels left.
You didn't know any spells.
Your spell library was empty.

Dungeon Overview and Level Annotations

Branches:
Dungeon (4/15)
 Temple: D:4-7

Altars:
Kikubaaqudgha
Makhleb


Innate Abilities, Weirdness & Mutations

You have a somewhat thin skeletal structure. (Dex +2, Stealth+)
You are partially covered in sharp spines.
Your touch may inflict minor irresistible damage on your foes.


Message History

Search for what [Enter for "."]?
There is an open door here.
There is a stone staircase leading down here.
You climb downwards.
Found a blue potion and 5 darts of dispersal.
Found a stone staircase leading down.
There is a stone staircase leading up here.
There are monsters nearby!
Unknown command.
The gnoll shouts! x2; The orc wizard shouts!
The orc shouts! x2
The orc wizard casts a spell at you. You resist with some effort.
The gnoll shouts!
The orc wizard gestures at you while chanting.
The puff of flame hits you! The orc hits you with a +0 falchion.
You can't go down here!
The orc wizard gestures at you while chanting.
You are confused.
The orc is struck by your spines. The orc hits you with a +0 falchion!
The orc hits you with a +0 falchion.
In your confused state, you trip and fall back down the stairs.
* * * LOW HITPOINT WARNING * * *
The orc wizard is struck by your spines.
The orc wizard hits you with a +0 dagger.
* * * LOW HITPOINT WARNING * * *
The orc closely misses you. The orc barely misses you.
The gnoll is struck by your spines. The gnoll barely misses you.
Unknown command.
Unknown command.
It was a potion of berserk rage.
A red film seems to cover your vision as you go berserk!
You feel yourself moving faster!
You feel mighty! The gnoll closely misses you.
The orc wizard casts a spell at you. The puff of flame hits you!
* * * LOW HITPOINT WARNING * * *
The orc barely misses you.
The gnoll hits you from afar with a +0 spear.
* * * LOW HITPOINT WARNING * * *
The orc hits you with a +0 hand axe.
You die...

...(.. #######
...... .......
......##.......
...............
...............
.....gg........
......oog......
......o@.......
.........>.....
...............
...............
#.....##.!.....
#####. ##.##.#
#. .# # #. ##


You could see an orc wizard, 3 gnolls and 2 orcs.

Vanquished Creatures
  Natasha (twice) (D:3)
  3 adders
  A worm (D:3)
  2 dart slugs (D:2)
  7 bats
  2 endoplasms
  5 giant cockroaches
  5 goblins
  4 hobgoblins
  3 jackals (D:2)
  3 kobolds (D:2)
  2 quokkas
  5 ball pythons
  2 frilled lizards
  4 rats
50 creatures vanquished.

Notes
Turn   | Place    | Note
-------+----------+-------------------------------------------
     0 | D:1      | Newt the Demonspawn Gladiator began the quest for the Orb.
     0 | D:1      | Reached XP level 1. HP: 16/16 MP: 1/1
   187 | D:1      | Gained mutation: Your touch may inflict minor irresistible
                  | damage on your foes. [demonic ancestry]
   187 | D:1      | Reached XP level 2. HP: 18/23 MP: 2/2
   315 | D:1      | Reached skill level 3 in Fighting
   713 | D:2      | Identified a scroll of acquirement
   713 | D:2      | Acquired the amulet of Ynategh {Reflect SH+5 Stlth+}
   761 | D:2      | Gained mutation: You have a somewhat thin skeletal
                  | structure. (Dex +2, Stealth+) [demonic ancestry]
   761 | D:2      | Reached XP level 3. HP: 26/29 MP: 3/3
   812 | D:2      | Reached skill level 4 in Fighting
   929 | D:2      | Identified the +5 dagger "Tanwirhiy" {heavy, rElec Dex+2}
  1020 | D:2      | Found a burning altar of Makhleb.
  1126 | D:2      | Reached skill level 1 in Stealth
  1133 | D:2      | Found a faded altar of an unknown god.
  1611 | D:3      | Gained mutation: You are partially covered in sharp spines.
                  | [demonic ancestry]
  1611 | D:3      | Reached XP level 4. HP: 37/37 MP: 4/4
  1827 | D:3      | Noticed Natasha
  1833 | D:3      | Killed Natasha
  1847 | D:3      | Noticed Natasha
  1853 | D:3      | Killed Natasha
  2050 | D:3      | Found an ancient bone altar of Kikubaaqudgha.
  2373 | D:4      | HP: 1/55 [gnoll/+0 spear (4)]
  2373 | D:4      | Slain by an orc

Illustrated notes

Levels and vault maps discovered:
D:1:      reono_arrival_forest_river, layout_basic
D:2:      layout_loops_ring, shapermc_ecumenical_altar_mp_highgroup,
          basic_altar, grunt_ministairs_8, kennysheep_generic_room_6
D:3:      layout_basic, mainiacjoe_overflow_cross_hatched, serial_rivers,
          chequers_serial_rivers_room_a, chequers_serial_rivers_large_a,
          chequers_serial_rivers_marsh, chequers_serial_rivers_room_b,
          uniq_natasha
D:4:      layout_rooms, minmay_temple_entry_butterflies, uniq_edmund,
          uniq_robin, uniq_pikel

Skill      XL: |  1  2  3  4 |
---------------+-------------+-----
Fighting       | 3 4 |  4.0
Stealth        | 1 3 |  3.1
Short Blades   | |  2.6
Throwing       | |  1.7
Dodging        | |  2.6

Action                     |  1- 3 |  4- 6 || total
---------------------------+-------+-------++-------
  Melee: Rapier            |    70 |       ||    70
         Touch             |    10 |     3 ||    13
         Dagger            |    14 |    12 ||    26
    Use: Scroll            |     1 |       ||     1
         Potion            |       |     1 ||     1
   Stab: Sleeping          |    11 |     2 ||    13
 Armour: Leather armour    |    25 |    10 ||    35
  Dodge: Dodged            |    54 |    10 ||    64
  Block: Other             |    10 |     1 ||    11
         Reflection        |     1 |       ||     1

Table legend: (Time is in decaauts)
 A = Elapsed time spent in this place.
 B = Non-inter-level travel time spent in this place.
 C = Inter-level travel time spent in this place.
 D = Time resting spent in this place.
 E = Time spent auto-exploring this place.
 F = Levels seen in this place.
 G = Mean time per level.
                   A        B        C        D        E       F      G
               +--------+--------+--------+--------+--------+-----+--------+
         Total |   2408 |   2305 |    103 |      0 |   1982 |   4 |  602.0 |
       Dungeon |   2408 |   2305 |    103 |      0 |   1982 |   4 |  602.0 |
               +--------+--------+--------+--------+--------+-----+--------+

Top non-repeatable levels by time:
     D:2: 890 daAuts
     D:3: 799 daAuts
     D:1: 710 daAuts
     D:4: 7 daAuts
